[ PARTIDA AOE2 · #477927297 ]
UnrankedCumanos vs Japanese
[ ANÁLISIS DE REPETICIÓN · EXTRAÍDO DE LA PARTIDA GRABADA ]
Feudal
12:14
Castillos
23:15
Imperial
35:20
| APM promedio | 29.6 |
| APM pico | 52 |
| eAPM promedio | 18.4 |
| Aldeanos / militares | 167 / 388 |
Foco
⚔️ 32.8% · 🌾 67.2%
Steppe Lancer ×354 · Kipchak ×19 · Camel Scout ×10 · Scout Cavalry ×5
Feudal
12:42
Castillos
16:19
Imperial
34:23
| APM promedio | 33.4 |
| APM pico | 55 |
| eAPM promedio | 14.9 |
| Aldeanos / militares | 148 / 280 |
Foco
⚔️ 29.6% · 🌾 70.4%
Spearman ×146 · Cavalry Archer ×126 · Trebuchet (Packed) ×8
Feudal
13:48
Castillos
17:52
Imperial
30:06
| APM promedio | 38.8 |
| APM pico | 88 |
| eAPM promedio | 18.4 |
| Aldeanos / militares | 117 / 358 |
Foco
⚔️ 39.2% · 🌾 60.8%
Spearman ×285 · Hand Cannoneer ×53 · Bombard Cannon ×18 · Trebuchet (Packed) ×2
Feudal
13:25
Castillos
16:57
Imperial
40:01
| APM promedio | 42.5 |
| APM pico | 90 |
| eAPM promedio | 24.0 |
| Aldeanos / militares | 181 / 237 |
Foco
⚔️ 33.6% · 🌾 66.4%
Bolas Rider ×153 · Petard ×58 · Skirmisher ×13 · Kona ×12 · Monk ×1
Feudal
14:42
Castillos
18:13
Imperial
33:39
| APM promedio | 42.8 |
| APM pico | 80 |
| eAPM promedio | 28.3 |
| Aldeanos / militares | 235 / 393 |
Foco
⚔️ 40.4% · 🌾 59.6%
Knight ×234 · Spearman ×139 · Trebuchet (Packed) ×15 · Trade Cart ×11 · Scorpion ×3 · Monk ×2
Feudal
13:34
Castillos
17:16
Imperial
30:36
| APM promedio | 51.6 |
| APM pico | 150 |
| eAPM promedio | 31.2 |
| Aldeanos / militares | 197 / 146 |
Foco
⚔️ 46.5% · 🌾 53.5%
Scorpion ×82 · Knight ×32 · Battering Ram ×29 · Fishing Ship ×11 · Monk ×1 · Mangonel ×1
Feudal
15:15
Castillos
18:54
Imperial
38:03
| APM promedio | 28.3 |
| APM pico | 65 |
| eAPM promedio | 16.7 |
| Aldeanos / militares | 133 / 224 |
Foco
⚔️ 33.4% · 🌾 66.6%
Eagle Scout ×152 · Plumed Archer ×72 · Trade Cart ×13
Feudal
12:42
Castillos
19:37
Imperial
35:48
| APM promedio | 46.8 |
| APM pico | 82 |
| eAPM promedio | 29.5 |
| Aldeanos / militares | 223 / 265 |
Foco
⚔️ 45.5% · 🌾 54.5%
Camel Scout ×181 · Shrivamsha Rider ×40 · Chakram Thrower ×33 · Petard ×5 · Scout Cavalry ×4 · Trebuchet (Packed) ×2
Mapa de la partida
Recursos iniciales + cada clic de construcción. Líneas = muros · curvas = relieve. ◆ oro · ⬟ piedra · ● bayas · ✦ reliquia · ◌ hueco del cierre
Tu base· Abierta — flanco sin cerrar
Base de IOCQ· Abierta — flanco sin cerrar
Base de RoR | AngelinaJolie· Abierta — hueco de 7t
Base de ZZZ· Abierta — flanco sin cerrar
Base de PraYs· Abierta — hueco de 7t
Base de shenxu· Abierta — flanco sin cerrar
Base de Gordito· Abierta — flanco sin cerrar
Base de mesa· Abierta — hueco de 10t
Terreno inicial suavizado · ◌ = hueco del cierre detectado · pasá el cursor para detalles
Inputs por minuto
— JonSlow - - IOCQ
Build order — JonSlow
Primeras 150 de 526 acciones detectadas
| 0:25 | Construir | Town Center |
| 1:51 | Construir | House |
| 2:52 | Construir | House |
| 2:59 | Crear | Villager (Male) |
| 2:59 | Crear | Villager (Male) |
| 3:00 | Crear | Villager (Male) |
| 3:00 | Crear | Villager (Male) |
| 4:07 | Crear | Villager (Male) |
| 4:44 | Construir | Lumber Camp |
| 4:48 | Crear | Villager (Male) |
| 5:10 | Construir | House |
| 5:18 | Crear | Villager (Male) |
| 5:18 | Crear | Villager (Male) |
| 6:08 | Crear | Villager (Male) |
| 6:11 | Crear | Villager (Male) |
| 6:22 | Construir | House |
| 6:58 | Crear | Villager (Male) |
| 7:14 | Construir | Mill |
| 7:26 | Crear | Villager (Male) |
| 7:40 | Crear | Villager (Male) |
| 7:52 | Crear | Villager (Male) |
| 8:10 | Investigar | Loom |
| 8:24 | Crear | Villager (Male) |
| 8:27 | Construir | House |
| 9:04 | Crear | Villager (Male) |
| 9:13 | Construir | Palisade Wall |
| 9:21 | Crear | Villager (Male) |
| 9:30 | Construir | Palisade Wall |
| 9:33 | Construir | Palisade Wall |
| 9:34 | Construir | Palisade Wall |
| 9:40 | Construir | Palisade Wall |
| 9:54 | Investigar | Feudal Age |
| 9:54 | Investigar | Feudal Age |
| 9:58 | Construir | House |
| 10:33 | Construir | Barracks |
| 10:34 | Construir | Palisade Wall |
| 11:25 | Construir | House |
| 11:57 | Construir | Palisade Wall |
| 12:01 | Construir | Palisade Wall |
| 12:10 | Construir | Palisade Wall |
| 12:14 | Edad | Edad Feudal |
| 12:16 | Crear | Villager (Male) |
| 12:16 | Crear | Villager (Male) |
| 12:19 | Construir | Stable |
| 12:26 | Investigar | Double-Bit Axe |
| 12:26 | Investigar | Double-Bit Axe |
| 12:41 | Construir | Palisade Wall |
| 12:46 | Construir | Palisade Wall |
| 12:46 | Crear | Villager (Male) |
| 12:52 | Construir | Palisade Wall |
| 12:54 | Crear | Scout Cavalry |
| 12:54 | Crear | Scout Cavalry |
| 12:55 | Crear | Villager (Male) |
| 12:58 | Construir | House |
| 13:08 | Crear | Villager (Male) |
| 13:23 | Crear | Villager (Male) |
| 13:26 | Crear | Scout Cavalry |
| 13:50 | Crear | Villager (Male) |
| 13:59 | Crear | Villager (Male) |
| 14:01 | Crear | Scout Cavalry |
| 14:02 | Crear | Scout Cavalry |
| 14:22 | Construir | Town Center |
| 14:23 | Crear | Villager (Male) |
| 14:28 | Crear | Villager (Male) |
| 14:47 | Crear | Villager (Male) |
| 14:50 | Construir | House |
| 15:13 | Investigar | Horse Collar |
| 15:37 | Construir | House |
| 15:38 | Crear | Villager (Male) |
| 15:59 | Crear | Villager (Male) |
| 15:59 | Crear | Villager (Male) |
| 16:15 | Construir | Mill |
| 16:19 | Crear | Villager (Male) |
| 16:36 | Crear | Villager (Male) |
| 16:38 | Crear | Villager (Male) |
| 16:42 | Crear | Villager (Male) |
| 16:49 | Construir | Mill |
| 16:56 | Crear | Villager (Male) |
| 17:08 | Crear | Villager (Male) |
| 17:10 | Construir | Farm |
| 17:11 | Construir | Farm |
| 17:21 | Construir | Farm |
| 17:43 | Crear | Villager (Male) |
| 18:02 | Crear | Villager (Male) |
| 18:02 | Crear | Villager (Male) |
| 18:06 | Construir | Farm |
| 18:07 | Construir | Farm |
| 18:10 | Construir | Market |
| 18:48 | Crear | Villager (Male) |
| 18:49 | Crear | Villager (Male) |
| 18:51 | Construir | Farm |
| 18:52 | Construir | Farm |
| 18:54 | Construir | Farm |
| 19:04 | Crear | Villager (Male) |
| 19:07 | Construir | Farm |
| 19:08 | Construir | Farm |
| 19:23 | Crear | Villager (Male) |
| 19:27 | Construir | House |
| 19:30 | Construir | Mining Camp |
| 19:32 | Crear | Villager (Male) |
| 19:45 | Crear | Villager (Male) |
| 19:48 | Construir | House |
| 20:24 | Investigar | Castle Age |
| 20:25 | Crear | Villager (Male) |
| 20:34 | Construir | House |
| 20:37 | Crear | Villager (Male) |
| 20:50 | Construir | Blacksmith |
| 20:52 | Crear | Villager (Male) |
| 20:53 | Crear | Villager (Male) |
| 21:19 | Construir | House |
| 21:31 | Crear | Villager (Male) |
| 21:36 | Construir | Siege Workshop |
| 21:40 | Crear | Villager (Male) |
| 21:45 | Construir | House |
| 21:58 | Construir | House |
| 22:15 | Crear | Villager (Male) |
| 22:29 | Construir | House |
| 22:44 | Construir | Farm |
| 22:45 | Construir | Farm |
| 22:51 | Crear | Villager (Male) |
| 23:06 | Construir | Farm |
| 23:09 | Construir | Farm |
| 23:14 | Investigar | Wheelbarrow |
| 23:15 | Edad | Edad de los Castillos |
| 23:18 | Investigar | Light Cavalry (upgrade) |
| 23:26 | Construir | Town Center |
| 23:29 | Crear | Villager (Male) |
| 23:35 | Construir | Town Center |
| 23:38 | Crear | Villager (Male) |
| 23:44 | Crear | Villager (Male) |
| 23:50 | Construir | Castle |
| 24:00 | Crear | Villager (Male) |
| 24:13 | Crear | Villager (Male) |
| 24:16 | Crear | Villager (Male) |
| 24:33 | Construir | House |
| 24:36 | Construir | House |
| 25:10 | Crear | Villager (Male) |
| 25:10 | Crear | Villager (Male) |
| 25:10 | Crear | Villager (Male) |
| 25:11 | Crear | Villager (Male) |
| 25:21 | Construir | Mining Camp |
| 25:22 | Crear | Villager (Male) |
| 25:22 | Crear | Villager (Male) |
| 25:29 | Crear | Villager (Male) |
| 25:34 | Crear | Villager (Male) |
| 25:38 | Construir | Farm |
| 25:38 | Construir | Farm |
| 25:38 | Construir | Farm |
| 25:39 | Construir | Farm |
| 25:39 | Construir | Farm |
Build order — IOCQ
Primeras 150 de 424 acciones detectadas
| 0:17 | Construir | House |
| 0:28 | Construir | Town Center |
| 2:37 | Crear | Villager (Male) |
| 2:37 | Crear | Villager (Male) |
| 2:37 | Crear | Villager (Male) |
| 2:37 | Crear | Villager (Male) |
| 2:38 | Crear | Villager (Male) |
| 3:29 | Construir | House |
| 4:03 | Crear | Villager (Male) |
| 4:03 | Crear | Villager (Male) |
| 4:20 | Construir | House |
| 4:29 | Crear | Villager (Male) |
| 4:30 | Crear | Villager (Male) |
| 4:30 | Crear | Villager (Male) |
| 4:50 | Crear | Villager (Male) |
| 5:25 | Construir | Lumber Camp |
| 5:35 | Crear | Villager (Male) |
| 5:35 | Crear | Villager (Male) |
| 6:10 | Construir | House |
| 6:14 | Crear | Villager (Male) |
| 6:14 | Crear | Villager (Male) |
| 6:15 | Crear | Villager (Male) |
| 6:15 | Crear | Villager (Male) |
| 6:15 | Crear | Villager (Male) |
| 6:45 | Construir | House |
| 7:18 | Construir | House |
| 7:29 | Crear | Villager (Male) |
| 7:29 | Crear | Villager (Male) |
| 7:30 | Crear | Villager (Male) |
| 7:30 | Crear | Villager (Male) |
| 7:30 | Crear | Villager (Male) |
| 7:30 | Crear | Villager (Male) |
| 7:43 | Construir | House |
| 8:36 | Construir | Mill |
| 8:59 | Crear | Villager (Male) |
| 9:00 | Crear | Villager (Male) |
| 9:00 | Crear | Villager (Male) |
| 9:31 | Construir | Mining Camp |
| 9:36 | Construir | House |
| 9:55 | Construir | House |
| 9:59 | Construir | House |
| 10:15 | Construir | House |
| 10:22 | Investigar | Feudal Age |
| 10:27 | Construir | House |
| 10:53 | Construir | Barracks |
| 11:01 | Investigar | Loom |
| 11:01 | Crear | Villager (Male) |
| 12:42 | Edad | Edad Feudal |
| 12:46 | Construir | Archery Range |
| 12:49 | Construir | Blacksmith |
| 12:58 | Construir | House |
| 13:14 | Construir | House |
| 13:34 | Construir | House |
| 13:39 | Investigar | Castle Age |
| 14:03 | Investigar | Double-Bit Axe |
| 14:14 | Construir | Palisade Wall |
| 14:20 | Construir | Palisade Gate |
| 14:31 | Investigar | Town Watch |
| 14:36 | Investigar | Fletching |
| 15:29 | Investigar | Town Watch |
| 16:19 | Edad | Edad de los Castillos |
| 16:20 | Construir | Town Center |
| 16:24 | Investigar | Bow Saw |
| 16:27 | Crear | Cavalry Archer |
| 16:27 | Crear | Cavalry Archer |
| 16:49 | Crear | Villager (Male) |
| 17:11 | Crear | Villager (Male) |
| 17:13 | Crear | Cavalry Archer |
| 17:26 | Construir | Archery Range |
| 17:28 | Construir | House |
| 17:29 | Construir | House |
| 17:31 | Crear | Villager (Male) |
| 17:41 | Crear | Villager (Male) |
| 17:44 | Crear | Villager (Male) |
| 17:47 | Investigar | Horse Collar |
| 18:01 | Crear | Cavalry Archer |
| 18:13 | Construir | Palisade Wall |
| 18:16 | Crear | Villager (Male) |
| 18:17 | Crear | Villager (Male) |
| 18:43 | Crear | Villager (Male) |
| 18:44 | Crear | Villager (Male) |
| 18:54 | Construir | Town Center |
| 19:07 | Crear | Villager (Male) |
| 19:08 | Crear | Villager (Male) |
| 19:27 | Crear | Cavalry Archer |
| 19:29 | Crear | Villager (Male) |
| 19:29 | Crear | Villager (Male) |
| 19:36 | Construir | Farm |
| 19:39 | Construir | Farm |
| 19:45 | Crear | Cavalry Archer |
| 19:50 | Crear | Villager (Male) |
| 19:51 | Crear | Villager (Male) |
| 20:01 | Construir | Farm |
| 20:12 | Crear | Cavalry Archer |
| 20:12 | Crear | Cavalry Archer |
| 20:43 | Crear | Villager (Male) |
| 20:44 | Crear | Villager (Male) |
| 20:45 | Investigar | Wheelbarrow |
| 20:51 | Construir | Farm |
| 20:54 | Construir | Farm |
| 21:22 | Crear | Cavalry Archer |
| 21:23 | Crear | Cavalry Archer |
| 21:33 | Crear | Villager (Male) |
| 21:34 | Crear | Villager (Male) |
| 21:35 | Crear | Villager (Male) |
| 21:41 | Construir | House |
| 21:42 | Construir | House |
| 21:44 | Construir | House |
| 21:45 | Construir | House |
| 21:45 | Construir | House |
| 21:48 | Construir | Farm |
| 22:13 | Construir | Farm |
| 22:16 | Construir | Farm |
| 22:31 | Crear | Villager (Male) |
| 22:32 | Crear | Villager (Male) |
| 22:33 | Crear | Villager (Male) |
| 22:46 | Crear | Cavalry Archer |
| 22:47 | Crear | Cavalry Archer |
| 22:55 | Crear | Villager (Male) |
| 22:56 | Crear | Villager (Male) |
| 22:57 | Crear | Villager (Male) |
| 23:07 | Construir | Town Center |
| 23:12 | Crear | Cavalry Archer |
| 23:12 | Crear | Cavalry Archer |
| 23:21 | Crear | Villager (Male) |
| 23:22 | Crear | Villager (Male) |
| 23:26 | Crear | Villager (Male) |
| 23:31 | Construir | Farm |
| 23:31 | Construir | Farm |
| 23:31 | Construir | Farm |
| 23:33 | Construir | Farm |
| 23:54 | Crear | Villager (Male) |
| 23:55 | Crear | Villager (Male) |
| 24:02 | Construir | Farm |
| 24:13 | Crear | Villager (Male) |
| 24:20 | Construir | Stable |
| 24:45 | Crear | Villager (Male) |
| 24:46 | Crear | Villager (Male) |
| 24:46 | Crear | Villager (Male) |
| 24:47 | Crear | Villager (Male) |
| 25:09 | Construir | Town Center |
| 25:18 | Construir | University |
| 25:19 | Construir | House |
| 25:20 | Construir | House |
| 25:21 | Construir | House |
| 25:22 | Construir | House |
| 25:27 | Investigar | Husbandry |
| 25:33 | Crear | Villager (Male) |
| 25:40 | Construir | Farm |
| 25:45 | Crear | Villager (Male) |
Build order — RoR | AngelinaJolie
Primeras 150 de 395 acciones detectadas
| 0:09 | Construir | Town Center |
| 2:28 | Construir | House |
| 2:38 | Crear | Villager (Male) |
| 2:39 | Crear | Villager (Male) |
| 2:39 | Crear | Villager (Male) |
| 2:39 | Crear | Villager (Male) |
| 3:51 | Crear | Villager (Male) |
| 4:02 | Construir | House |
| 4:36 | Crear | Villager (Male) |
| 4:56 | Construir | Lumber Camp |
| 5:10 | Crear | Villager (Male) |
| 5:10 | Crear | Villager (Male) |
| 5:56 | Crear | Villager (Male) |
| 5:56 | Crear | Villager (Male) |
| 6:13 | Crear | Villager (Male) |
| 6:48 | Construir | House |
| 7:02 | Crear | Villager (Male) |
| 7:26 | Crear | Villager (Male) |
| 7:26 | Crear | Villager (Male) |
| 8:12 | Construir | Mill |
| 8:18 | Crear | Villager (Male) |
| 8:18 | Crear | Villager (Male) |
| 8:30 | Crear | Villager (Male) |
| 8:35 | Construir | Palisade Wall |
| 8:37 | Construir | Palisade Wall |
| 8:38 | Construir | Palisade Wall |
| 8:39 | Construir | Palisade Wall |
| 8:42 | Construir | House |
| 8:43 | Construir | Palisade Wall |
| 8:45 | Construir | Palisade Wall |
| 9:30 | Construir | Palisade Wall |
| 9:31 | Construir | Palisade Wall |
| 9:39 | Construir | Palisade Wall |
| 9:40 | Construir | Palisade Wall |
| 9:46 | Crear | Villager (Male) |
| 9:47 | Crear | Villager (Male) |
| 9:47 | Crear | Villager (Male) |
| 9:58 | Construir | House |
| 10:13 | Construir | Palisade Wall |
| 10:15 | Construir | Palisade Wall |
| 11:01 | Crear | Villager (Male) |
| 11:38 | Investigar | Feudal Age |
| 12:12 | Construir | Palisade Wall |
| 12:13 | Construir | Palisade Wall |
| 13:48 | Edad | Edad Feudal |
| 13:50 | Crear | Villager (Male) |
| 13:53 | Construir | Market |
| 13:57 | Construir | Blacksmith |
| 14:00 | Construir | House |
| 14:04 | Crear | Villager (Male) |
| 14:47 | Investigar | Loom |
| 14:59 | Investigar | Castle Age |
| 15:18 | Investigar | Double-Bit Axe |
| 15:56 | Investigar | Horse Collar |
| 16:06 | Construir | Farm |
| 16:16 | Construir | Farm |
| 16:20 | Construir | Farm |
| 17:45 | Crear | Villager (Male) |
| 17:52 | Edad | Edad de los Castillos |
| 17:53 | Construir | Town Center |
| 17:56 | Construir | Town Center |
| 17:58 | Investigar | Bow Saw |
| 18:00 | Crear | Villager (Male) |
| 18:02 | Construir | Farm |
| 18:19 | Construir | Farm |
| 18:21 | Investigar | Heavy Plow |
| 18:22 | Crear | Villager (Male) |
| 18:48 | Crear | Villager (Male) |
| 18:58 | Construir | Farm |
| 19:01 | Construir | Farm |
| 19:02 | Crear | Villager (Male) |
| 19:13 | Crear | Villager (Male) |
| 19:13 | Crear | Villager (Male) |
| 19:16 | Crear | Villager (Male) |
| 19:17 | Crear | Villager (Male) |
| 19:20 | Construir | Farm |
| 19:20 | Construir | Farm |
| 19:36 | Construir | Farm |
| 19:38 | Crear | Villager (Male) |
| 19:53 | Construir | Farm |
| 19:59 | Crear | Villager (Male) |
| 19:59 | Crear | Villager (Male) |
| 19:59 | Crear | Villager (Male) |
| 20:06 | Crear | Villager (Male) |
| 20:07 | Crear | Villager (Male) |
| 20:09 | Construir | Farm |
| 20:28 | Crear | Villager (Male) |
| 20:32 | Construir | Town Center |
| 20:35 | Crear | Villager (Male) |
| 20:41 | Construir | House |
| 20:50 | Crear | Villager (Male) |
| 20:52 | Construir | Farm |
| 20:54 | Construir | Farm |
| 21:05 | Crear | Villager (Male) |
| 21:11 | Construir | Farm |
| 21:14 | Crear | Villager (Male) |
| 21:14 | Crear | Villager (Male) |
| 21:32 | Construir | House |
| 21:34 | Construir | House |
| 21:36 | Construir | House |
| 21:39 | Construir | House |
| 21:41 | Construir | House |
| 21:47 | Construir | House |
| 21:50 | Construir | House |
| 21:56 | Construir | Palisade Wall |
| 21:58 | Construir | Farm |
| 21:59 | Crear | Villager (Male) |
| 21:59 | Crear | Villager (Male) |
| 21:59 | Crear | Villager (Male) |
| 22:00 | Crear | Villager (Male) |
| 22:01 | Crear | Villager (Male) |
| 22:02 | Crear | Villager (Male) |
| 22:04 | Construir | Farm |
| 22:08 | Crear | Villager (Male) |
| 22:10 | Construir | Farm |
| 22:27 | Crear | Villager (Male) |
| 22:27 | Crear | Villager (Male) |
| 22:27 | Crear | Villager (Male) |
| 22:29 | Construir | Farm |
| 22:31 | Construir | Farm |
| 22:37 | Construir | Farm |
| 22:38 | Construir | Farm |
| 22:41 | Construir | Farm |
| 22:54 | Construir | House |
| 22:57 | Construir | House |
| 22:59 | Crear | Villager (Male) |
| 23:17 | Crear | Villager (Male) |
| 23:17 | Crear | Villager (Male) |
| 23:17 | Crear | Villager (Male) |
| 23:18 | Crear | Villager (Male) |
| 23:20 | Construir | Farm |
| 23:21 | Construir | Farm |
| 23:22 | Construir | Farm |
| 23:23 | Construir | Farm |
| 23:26 | Construir | Farm |
| 23:28 | Construir | Farm |
| 23:34 | Investigar | Wheelbarrow |
| 23:40 | Construir | Lumber Camp |
| 23:43 | Crear | Villager (Male) |
| 23:49 | Construir | Farm |
| 23:53 | Crear | Villager (Male) |
| 24:00 | Crear | Villager (Male) |
| 24:00 | Crear | Villager (Male) |
| 24:06 | Construir | Farm |
| 24:08 | Construir | Farm |
| 24:12 | Crear | Villager (Male) |
| 24:12 | Crear | Villager (Male) |
| 24:12 | Crear | Villager (Male) |
| 24:17 | Crear | Villager (Male) |
| 24:32 | Construir | Mining Camp |
Build order — ZZZ
Primeras 150 de 534 acciones detectadas
| 0:41 | Construir | Town Center |
| 1:47 | Construir | House |
| 2:51 | Crear | Villager (Male) |
| 2:51 | Crear | Villager (Male) |
| 2:51 | Crear | Villager (Male) |
| 2:52 | Crear | Villager (Male) |
| 2:52 | Crear | Villager (Male) |
| 4:06 | Crear | Villager (Male) |
| 4:29 | Crear | Villager (Male) |
| 4:40 | Investigar | Loom |
| 4:40 | Investigar | Loom |
| 4:43 | Crear | Villager (Male) |
| 4:58 | Crear | Villager (Male) |
| 5:02 | Construir | House |
| 5:09 | Crear | Villager (Male) |
| 5:23 | Crear | Villager (Male) |
| 5:23 | Crear | Villager (Male) |
| 6:14 | Construir | House |
| 6:26 | Construir | Palisade Wall |
| 6:35 | Construir | Palisade Wall |
| 6:48 | Crear | Villager (Male) |
| 6:59 | Construir | Settlement |
| 7:01 | Crear | Villager (Male) |
| 7:40 | Crear | Villager (Male) |
| 7:43 | Crear | Villager (Male) |
| 8:45 | Crear | Villager (Male) |
| 8:45 | Crear | Villager (Male) |
| 9:00 | Construir | Settlement |
| 9:21 | Crear | Villager (Male) |
| 9:28 | Crear | Villager (Male) |
| 10:07 | Construir | Settlement |
| 10:12 | Crear | Villager (Male) |
| 10:49 | Crear | Villager (Male) |
| 10:50 | Investigar | Feudal Age |
| 12:49 | Crear | Villager (Male) |
| 12:50 | Crear | Villager (Male) |
| 13:25 | Edad | Edad Feudal |
| 13:26 | Construir | Market |
| 13:27 | Construir | Blacksmith |
| 14:17 | Investigar | Castle Age |
| 14:56 | Investigar | Double-Bit Axe |
| 15:33 | Construir | Barracks |
| 16:29 | Construir | Archery Range |
| 16:31 | Crear | Villager (Male) |
| 16:48 | Construir | Archery Range |
| 16:57 | Edad | Edad de los Castillos |
| 16:58 | Crear | Villager (Male) |
| 17:05 | Investigar | Fletching |
| 17:05 | Investigar | Fletching |
| 17:21 | Crear | Bolas Rider |
| 17:38 | Investigar | Bodkin Arrow |
| 17:38 | Investigar | Bodkin Arrow |
| 17:41 | Crear | Bolas Rider |
| 17:51 | Crear | Villager (Male) |
| 17:59 | Construir | House |
| 18:04 | Crear | Bolas Rider |
| 18:05 | Crear | Bolas Rider |
| 18:21 | Construir | House |
| 18:36 | Crear | Bolas Rider |
| 18:36 | Crear | Bolas Rider |
| 18:37 | Crear | Villager (Male) |
| 18:56 | Crear | Villager (Male) |
| 18:57 | Crear | Bolas Rider |
| 19:15 | Crear | Bolas Rider |
| 19:16 | Crear | Bolas Rider |
| 19:16 | Crear | Villager (Male) |
| 19:34 | Crear | Bolas Rider |
| 19:34 | Crear | Bolas Rider |
| 19:35 | Crear | Villager (Male) |
| 19:53 | Crear | Villager (Male) |
| 19:53 | Crear | Bolas Rider |
| 19:54 | Crear | Bolas Rider |
| 19:58 | Construir | House |
| 20:19 | Crear | Villager (Male) |
| 20:25 | Crear | Bolas Rider |
| 20:25 | Crear | Bolas Rider |
| 20:32 | Construir | House |
| 20:37 | Crear | Villager (Male) |
| 21:10 | Construir | House |
| 21:28 | Crear | Bolas Rider |
| 21:28 | Crear | Bolas Rider |
| 21:37 | Crear | Villager (Male) |
| 21:38 | Crear | Villager (Male) |
| 22:14 | Crear | Villager (Male) |
| 22:19 | Construir | Town Center |
| 22:58 | Crear | Villager (Male) |
| 22:59 | Crear | Villager (Male) |
| 23:37 | Crear | Bolas Rider |
| 23:37 | Crear | Bolas Rider |
| 23:46 | Construir | House |
| 23:46 | Crear | Villager (Male) |
| 23:59 | Construir | Town Center |
| 24:16 | Construir | House |
| 24:34 | Crear | Villager (Male) |
| 24:34 | Crear | Villager (Male) |
| 24:34 | Crear | Villager (Male) |
| 24:56 | Crear | Villager (Male) |
| 24:56 | Crear | Villager (Male) |
| 25:10 | Crear | Villager (Male) |
| 25:11 | Crear | Villager (Male) |
| 25:19 | Construir | House |
| 25:20 | Construir | House |
| 25:21 | Construir | House |
| 25:21 | Construir | House |
| 25:21 | Construir | House |
| 25:28 | Crear | Villager (Male) |
| 25:28 | Crear | Villager (Male) |
| 25:28 | Crear | Villager (Male) |
| 25:50 | Crear | Villager (Male) |
| 25:50 | Crear | Villager (Male) |
| 25:59 | Crear | Villager (Male) |
| 25:59 | Crear | Villager (Male) |
| 26:08 | Crear | Villager (Male) |
| 26:09 | Crear | Villager (Male) |
| 26:11 | Crear | Bolas Rider |
| 26:11 | Crear | Bolas Rider |
| 26:11 | Crear | Bolas Rider |
| 26:14 | Crear | Bolas Rider |
| 26:15 | Crear | Villager (Male) |
| 26:30 | Crear | Villager (Male) |
| 26:36 | Crear | Villager (Male) |
| 26:36 | Crear | Villager (Male) |
| 26:52 | Crear | Villager (Male) |
| 26:53 | Crear | Villager (Male) |
| 27:05 | Crear | Villager (Male) |
| 27:06 | Crear | Villager (Male) |
| 27:06 | Crear | Villager (Male) |
| 27:17 | Construir | House |
| 27:17 | Construir | House |
| 27:19 | Crear | Villager (Male) |
| 27:32 | Crear | Villager (Male) |
| 27:32 | Crear | Villager (Male) |
| 27:44 | Construir | Town Center |
| 27:45 | Crear | Villager (Male) |
| 27:45 | Crear | Villager (Male) |
| 27:45 | Crear | Villager (Male) |
| 27:52 | Crear | Villager (Male) |
| 27:52 | Crear | Villager (Male) |
| 27:55 | Construir | Town Center |
| 27:56 | Crear | Villager (Male) |
| 27:57 | Crear | Villager (Male) |
| 28:01 | Construir | Settlement |
| 28:36 | Crear | Bolas Rider |
| 28:36 | Crear | Bolas Rider |
| 28:36 | Crear | Bolas Rider |
| 28:37 | Crear | Bolas Rider |
| 28:38 | Crear | Villager (Male) |
| 28:38 | Crear | Villager (Male) |
| 28:43 | Crear | Villager (Male) |
| 28:44 | Crear | Villager (Male) |
Build order — PraYs
Primeras 150 de 609 acciones detectadas
| 0:19 | Construir | Town Center |
| 0:45 | Construir | House |
| 2:54 | Crear | Villager (Male) |
| 2:55 | Crear | Villager (Male) |
| 2:55 | Crear | Villager (Male) |
| 2:55 | Crear | Villager (Male) |
| 4:17 | Crear | Villager (Male) |
| 4:17 | Crear | Villager (Male) |
| 4:17 | Crear | Villager (Male) |
| 4:17 | Crear | Villager (Male) |
| 4:49 | Crear | Villager (Male) |
| 4:49 | Crear | Villager (Male) |
| 4:50 | Crear | Villager (Male) |
| 4:50 | Crear | Villager (Male) |
| 5:07 | Construir | House |
| 5:24 | Crear | Villager (Male) |
| 5:24 | Crear | Villager (Male) |
| 5:24 | Crear | Villager (Male) |
| 5:24 | Crear | Villager (Male) |
| 5:24 | Crear | Villager (Male) |
| 5:24 | Crear | Villager (Male) |
| 5:24 | Crear | Villager (Male) |
| 5:28 | Construir | House |
| 6:00 | Crear | Villager (Male) |
| 6:00 | Crear | Villager (Male) |
| 6:00 | Crear | Villager (Male) |
| 6:00 | Crear | Villager (Male) |
| 6:00 | Crear | Villager (Male) |
| 6:00 | Crear | Villager (Male) |
| 6:09 | Crear | Villager (Male) |
| 6:09 | Crear | Villager (Male) |
| 6:16 | Crear | Villager (Male) |
| 6:16 | Crear | Villager (Male) |
| 6:16 | Crear | Villager (Male) |
| 6:31 | Construir | Lumber Camp |
| 6:47 | Construir | House |
| 6:56 | Crear | Villager (Male) |
| 6:56 | Crear | Villager (Male) |
| 7:16 | Construir | House |
| 7:26 | Construir | House |
| 7:35 | Construir | House |
| 7:46 | Construir | House |
| 7:46 | Crear | Villager (Male) |
| 7:47 | Crear | Villager (Male) |
| 7:49 | Investigar | Loom |
| 8:03 | Crear | Villager (Male) |
| 8:03 | Crear | Villager (Male) |
| 8:03 | Crear | Villager (Male) |
| 8:13 | Crear | Villager (Male) |
| 8:13 | Crear | Villager (Male) |
| 8:14 | Crear | Villager (Male) |
| 8:57 | Construir | House |
| 9:00 | Construir | Palisade Wall |
| 9:15 | Construir | Palisade Wall |
| 10:01 | Construir | House |
| 10:05 | Construir | Mill |
| 10:10 | Crear | Villager (Male) |
| 10:30 | Construir | Palisade Wall |
| 10:36 | Construir | Palisade Wall |
| 10:58 | Construir | Palisade Wall |
| 10:58 | Construir | Palisade Wall |
| 11:07 | Crear | Villager (Male) |
| 11:23 | Construir | Palisade Wall |
| 11:35 | Crear | Villager (Male) |
| 11:35 | Investigar | Feudal Age |
| 11:48 | Construir | Palisade Wall |
| 11:50 | Construir | Palisade Wall |
| 11:57 | Construir | Mining Camp |
| 12:07 | Crear | Villager (Male) |
| 12:07 | Investigar | Feudal Age |
| 12:10 | Construir | Palisade Wall |
| 13:04 | Construir | Palisade Gate |
| 13:06 | Construir | Palisade Wall |
| 14:19 | Crear | Villager (Male) |
| 14:20 | Crear | Villager (Male) |
| 14:42 | Edad | Edad Feudal |
| 14:44 | Construir | Market |
| 14:46 | Crear | Villager (Male) |
| 15:06 | Construir | Blacksmith |
| 15:33 | Investigar | Castle Age |
| 15:34 | Investigar | Castle Age |
| 15:44 | Construir | House |
| 15:45 | Investigar | Double-Bit Axe |
| 18:01 | Crear | Villager (Male) |
| 18:13 | Edad | Edad de los Castillos |
| 18:15 | Construir | Town Center |
| 18:16 | Investigar | Bow Saw |
| 18:21 | Construir | Town Center |
| 18:26 | Construir | Town Center |
| 18:30 | Construir | Monastery |
| 18:35 | Crear | Villager (Male) |
| 18:40 | Construir | Farm |
| 18:43 | Crear | Villager (Male) |
| 19:05 | Crear | Villager (Male) |
| 19:10 | Construir | Farm |
| 19:19 | Construir | House |
| 19:20 | Crear | Monk |
| 19:21 | Crear | Villager (Male) |
| 19:21 | Crear | Villager (Male) |
| 19:26 | Crear | Villager (Male) |
| 19:26 | Crear | Villager (Male) |
| 19:31 | Crear | Villager (Male) |
| 19:32 | Construir | Farm |
| 19:34 | Construir | Farm |
| 19:35 | Crear | Villager (Male) |
| 19:40 | Construir | House |
| 19:42 | Crear | Villager (Male) |
| 19:45 | Construir | Farm |
| 19:55 | Construir | Farm |
| 19:59 | Construir | Farm |
| 20:01 | Construir | Farm |
| 20:03 | Construir | Farm |
| 20:12 | Construir | House |
| 20:34 | Crear | Villager (Male) |
| 20:34 | Crear | Villager (Male) |
| 20:34 | Crear | Villager (Male) |
| 20:35 | Construir | Farm |
| 20:37 | Construir | Farm |
| 20:39 | Construir | Farm |
| 20:43 | Construir | Farm |
| 20:45 | Crear | Villager (Male) |
| 20:45 | Crear | Villager (Male) |
| 20:45 | Crear | Villager (Male) |
| 20:45 | Crear | Villager (Male) |
| 20:45 | Crear | Villager (Male) |
| 20:45 | Crear | Villager (Male) |
| 20:45 | Crear | Villager (Male) |
| 20:45 | Crear | Villager (Male) |
| 20:57 | Construir | Farm |
| 20:57 | Crear | Villager (Male) |
| 20:57 | Crear | Villager (Male) |
| 21:03 | Crear | Villager (Male) |
| 21:03 | Crear | Villager (Male) |
| 21:16 | Construir | Farm |
| 21:17 | Construir | Farm |
| 21:19 | Crear | Villager (Male) |
| 21:19 | Crear | Villager (Male) |
| 21:19 | Crear | Villager (Male) |
| 21:19 | Crear | Villager (Male) |
| 21:19 | Crear | Villager (Male) |
| 21:25 | Construir | House |
| 21:27 | Construir | House |
| 21:28 | Crear | Villager (Male) |
| 21:28 | Crear | Villager (Male) |
| 21:28 | Crear | Villager (Male) |
| 21:28 | Crear | Villager (Male) |
| 21:28 | Crear | Villager (Male) |
| 21:28 | Crear | Villager (Male) |
| 21:38 | Construir | Lumber Camp |
| 21:39 | Crear | Villager (Male) |
Build order — shenxu
Primeras 150 de 578 acciones detectadas
| 0:08 | Construir | Town Center |
| 0:28 | Construir | Lumber Camp |
| 1:02 | Construir | House |
| 2:39 | Crear | Villager (Male) |
| 2:39 | Crear | Villager (Male) |
| 2:39 | Crear | Villager (Male) |
| 2:40 | Crear | Villager (Male) |
| 2:40 | Crear | Villager (Male) |
| 3:27 | Construir | House |
| 3:35 | Crear | Villager (Male) |
| 3:35 | Crear | Villager (Male) |
| 4:14 | Crear | Villager (Male) |
| 4:34 | Crear | Villager (Male) |
| 4:34 | Crear | Villager (Male) |
| 4:58 | Crear | Villager (Male) |
| 5:02 | Construir | House |
| 5:17 | Construir | House |
| 5:25 | Crear | Villager (Male) |
| 5:26 | Crear | Villager (Male) |
| 5:35 | Construir | Palisade Wall |
| 5:46 | Crear | Villager (Male) |
| 5:46 | Crear | Villager (Male) |
| 6:07 | Construir | Lumber Camp |
| 6:13 | Construir | House |
| 6:32 | Crear | Villager (Male) |
| 7:26 | Crear | Villager (Male) |
| 7:30 | Crear | Villager (Male) |
| 7:30 | Crear | Villager (Male) |
| 7:37 | Crear | Villager (Male) |
| 7:51 | Construir | House |
| 7:56 | Crear | Villager (Male) |
| 8:16 | Construir | House |
| 8:22 | Crear | Villager (Male) |
| 8:46 | Construir | Dock |
| 8:52 | Construir | Palisade Wall |
| 8:56 | Crear | Villager (Male) |
| 9:39 | Crear | Fishing Ship |
| 9:50 | Construir | Mill |
| 9:51 | Crear | Villager (Male) |
| 10:05 | Crear | Villager (Male) |
| 10:23 | Crear | Fishing Ship |
| 10:31 | Construir | Palisade Wall |
| 10:43 | Construir | Mining Camp |
| 10:47 | Construir | Palisade Wall |
| 11:04 | Construir | House |
| 11:13 | Investigar | Feudal Age |
| 11:13 | Investigar | Feudal Age |
| 11:21 | Construir | House |
| 13:07 | Crear | Fishing Ship |
| 13:14 | Crear | Villager (Male) |
| 13:15 | Investigar | Loom |
| 13:34 | Edad | Edad Feudal |
| 13:36 | Construir | Market |
| 13:39 | Construir | Blacksmith |
| 13:41 | Construir | House |
| 13:53 | Crear | Fishing Ship |
| 13:59 | Construir | Fish Trap |
| 14:36 | Investigar | Castle Age |
| 14:37 | Investigar | Castle Age |
| 15:07 | Investigar | Double-Bit Axe |
| 15:09 | Construir | Fish Trap |
| 15:21 | Construir | Fish Trap |
| 15:25 | Crear | Fishing Ship |
| 16:13 | Crear | Fishing Ship |
| 16:51 | Crear | Fishing Ship |
| 16:55 | Construir | House |
| 16:57 | Construir | House |
| 17:02 | Construir | Fish Trap |
| 17:16 | Crear | Villager (Male) |
| 17:16 | Edad | Edad de los Castillos |
| 17:24 | Construir | Town Center |
| 17:33 | Construir | Town Center |
| 17:34 | Crear | Villager (Male) |
| 17:37 | Construir | House |
| 17:45 | Construir | Palisade Wall |
| 17:46 | Construir | House |
| 17:47 | Construir | House |
| 17:51 | Construir | Palisade Wall |
| 17:52 | Construir | Palisade Wall |
| 17:59 | Crear | Villager (Male) |
| 18:02 | Crear | Villager (Male) |
| 18:13 | Construir | Fish Trap |
| 18:23 | Construir | House |
| 18:28 | Crear | Villager (Male) |
| 18:50 | Construir | Barracks |
| 19:00 | Construir | House |
| 19:01 | Crear | Villager (Male) |
| 19:01 | Crear | Villager (Male) |
| 19:11 | Crear | Fishing Ship |
| 19:13 | Construir | Fish Trap |
| 19:17 | Construir | Fish Trap |
| 19:22 | Crear | Fishing Ship |
| 19:22 | Crear | Villager (Male) |
| 19:33 | Construir | Farm |
| 19:33 | Crear | Villager (Male) |
| 19:36 | Construir | Farm |
| 19:39 | Construir | Farm |
| 19:48 | Crear | Villager (Male) |
| 19:49 | Crear | Villager (Male) |
| 20:07 | Crear | Fishing Ship |
| 20:08 | Construir | Fish Trap |
| 20:13 | Construir | Farm |
| 20:15 | Construir | Farm |
| 20:16 | Construir | Farm |
| 20:16 | Crear | Villager (Male) |
| 20:19 | Construir | House |
| 20:20 | Construir | House |
| 20:29 | Crear | Villager (Male) |
| 20:38 | Construir | Fish Trap |
| 20:43 | Crear | Villager (Male) |
| 20:43 | Crear | Villager (Male) |
| 20:46 | Construir | Palisade Wall |
| 20:48 | Construir | House |
| 20:49 | Construir | Palisade Wall |
| 20:58 | Construir | Farm |
| 20:59 | Construir | Farm |
| 21:02 | Crear | Fishing Ship |
| 21:02 | Crear | Villager (Male) |
| 21:05 | Construir | Farm |
| 21:18 | Construir | House |
| 21:20 | Crear | Villager (Male) |
| 21:23 | Construir | House |
| 21:31 | Crear | Villager (Male) |
| 21:39 | Construir | House |
| 21:40 | Crear | Villager (Male) |
| 21:40 | Crear | Villager (Male) |
| 21:51 | Construir | Fish Trap |
| 21:59 | Crear | Villager (Male) |
| 21:59 | Crear | Villager (Male) |
| 22:03 | Crear | Villager (Male) |
| 22:13 | Construir | Town Center |
| 22:19 | Crear | Villager (Male) |
| 22:37 | Crear | Villager (Male) |
| 22:40 | Construir | Fish Trap |
| 22:41 | Crear | Villager (Male) |
| 22:45 | Investigar | Tech 906 |
| 22:45 | Crear | Villager (Male) |
| 22:49 | Construir | Farm |
| 22:51 | Investigar | Horse Collar |
| 22:58 | Construir | Mill |
| 23:03 | Crear | Villager (Male) |
| 23:06 | Construir | Farm |
| 23:10 | Crear | Villager (Male) |
| 23:19 | Crear | Villager (Male) |
| 23:19 | Crear | Villager (Male) |
| 23:33 | Crear | Villager (Male) |
| 23:33 | Crear | Villager (Male) |
| 23:34 | Crear | Villager (Male) |
| 23:34 | Crear | Villager (Male) |
| 23:34 | Crear | Villager (Male) |
Build order — Gordito
Primeras 150 de 385 acciones detectadas
| 0:47 | Construir | Town Center |
| 1:25 | Construir | House |
| 2:13 | Construir | House |
| 2:58 | Crear | Villager (Male) |
| 2:58 | Crear | Villager (Male) |
| 3:35 | Crear | Villager (Male) |
| 4:12 | Construir | House |
| 4:16 | Crear | Villager (Male) |
| 4:24 | Crear | Villager (Male) |
| 4:46 | Crear | Villager (Male) |
| 5:07 | Crear | Villager (Male) |
| 5:07 | Crear | Villager (Male) |
| 5:24 | Construir | House |
| 5:33 | Crear | Villager (Male) |
| 6:14 | Crear | Villager (Male) |
| 6:18 | Crear | Villager (Male) |
| 6:27 | Construir | Mill |
| 6:30 | Construir | House |
| 6:38 | Crear | Villager (Male) |
| 6:54 | Construir | House |
| 7:01 | Crear | Villager (Male) |
| 7:16 | Crear | Villager (Male) |
| 7:36 | Construir | Palisade Wall |
| 7:39 | Crear | Villager (Male) |
| 7:44 | Crear | Villager (Male) |
| 8:20 | Crear | Villager (Male) |
| 8:34 | Construir | House |
| 8:36 | Construir | Palisade Wall |
| 8:43 | Crear | Villager (Male) |
| 9:15 | Crear | Villager (Male) |
| 9:46 | Crear | Villager (Male) |
| 9:58 | Crear | Villager (Male) |
| 10:01 | Construir | Mining Camp |
| 10:08 | Construir | Mining Camp |
| 10:17 | Construir | Lumber Camp |
| 10:18 | Crear | Villager (Male) |
| 10:49 | Construir | House |
| 10:50 | Construir | House |
| 11:13 | Construir | Palisade Wall |
| 11:15 | Construir | Palisade Wall |
| 11:21 | Construir | Palisade Wall |
| 11:22 | Construir | Palisade Wall |
| 11:37 | Investigar | Feudal Age |
| 11:41 | Crear | Villager (Male) |
| 11:58 | Construir | Palisade Wall |
| 12:15 | Crear | Villager (Male) |
| 12:17 | Investigar | Loom |
| 12:32 | Construir | Farm |
| 12:33 | Construir | Farm |
| 12:34 | Construir | Farm |
| 12:38 | Investigar | Feudal Age |
| 13:10 | Crear | Villager (Male) |
| 13:11 | Crear | Villager (Male) |
| 13:37 | Construir | Farm |
| 13:40 | Construir | Farm |
| 13:42 | Construir | Farm |
| 13:47 | Construir | Farm |
| 15:15 | Edad | Edad Feudal |
| 15:17 | Construir | Market |
| 15:19 | Construir | Blacksmith |
| 16:14 | Investigar | Castle Age |
| 16:41 | Investigar | Double-Bit Axe |
| 17:08 | Investigar | Horse Collar |
| 17:22 | Investigar | Fletching |
| 17:56 | Crear | Villager (Male) |
| 18:54 | Edad | Edad de los Castillos |
| 18:57 | Construir | Castle |
| 19:01 | Investigar | Bow Saw |
| 19:10 | Construir | Town Center |
| 19:14 | Crear | Villager (Male) |
| 19:18 | Investigar | Bodkin Arrow |
| 19:24 | Construir | Mining Camp |
| 19:40 | Crear | Villager (Male) |
| 20:09 | Crear | Villager (Male) |
| 20:24 | Crear | Plumed Archer |
| 20:24 | Crear | Plumed Archer |
| 20:24 | Crear | Plumed Archer |
| 20:27 | Crear | Villager (Male) |
| 20:34 | Construir | Farm |
| 20:35 | Construir | Farm |
| 20:41 | Crear | Villager (Male) |
| 20:46 | Crear | Plumed Archer |
| 20:46 | Crear | Plumed Archer |
| 21:11 | Construir | House |
| 21:25 | Crear | Villager (Male) |
| 21:26 | Crear | Villager (Male) |
| 21:26 | Crear | Villager (Male) |
| 21:44 | Crear | Plumed Archer |
| 21:44 | Crear | Plumed Archer |
| 22:08 | Crear | Villager (Male) |
| 22:08 | Crear | Villager (Male) |
| 22:09 | Crear | Plumed Archer |
| 22:09 | Crear | Plumed Archer |
| 22:23 | Construir | University |
| 22:38 | Crear | Plumed Archer |
| 22:38 | Crear | Plumed Archer |
| 22:39 | Crear | Villager (Male) |
| 22:39 | Crear | Villager (Male) |
| 22:53 | Investigar | Padded Archer Armor |
| 22:57 | Crear | Plumed Archer |
| 22:57 | Crear | Plumed Archer |
| 23:08 | Crear | Villager (Male) |
| 23:08 | Crear | Villager (Male) |
| 23:23 | Investigar | Gold Mining |
| 23:42 | Crear | Villager (Male) |
| 23:43 | Crear | Villager (Male) |
| 23:59 | Crear | Plumed Archer |
| 23:59 | Crear | Plumed Archer |
| 24:10 | Crear | Villager (Male) |
| 24:11 | Crear | Villager (Male) |
| 24:17 | Investigar | Ballistics |
| 24:47 | Crear | Villager (Male) |
| 24:47 | Crear | Villager (Male) |
| 24:48 | Crear | Villager (Male) |
| 24:49 | Crear | Plumed Archer |
| 25:16 | Crear | Plumed Archer |
| 25:17 | Crear | Plumed Archer |
| 25:24 | Crear | Villager (Male) |
| 25:25 | Crear | Villager (Male) |
| 25:55 | Crear | Plumed Archer |
| 25:55 | Crear | Plumed Archer |
| 26:13 | Crear | Plumed Archer |
| 26:14 | Crear | Plumed Archer |
| 26:25 | Construir | House |
| 26:25 | Construir | House |
| 26:26 | Construir | House |
| 26:27 | Construir | House |
| 26:37 | Construir | Town Center |
| 27:01 | Crear | Plumed Archer |
| 27:01 | Crear | Plumed Archer |
| 27:02 | Crear | Plumed Archer |
| 27:03 | Crear | Villager (Male) |
| 27:03 | Crear | Villager (Male) |
| 27:04 | Crear | Villager (Male) |
| 27:16 | Construir | Town Center |
| 27:33 | Construir | Mining Camp |
| 27:34 | Crear | Villager (Male) |
| 27:35 | Crear | Villager (Male) |
| 27:35 | Crear | Villager (Male) |
| 27:57 | Crear | Villager (Male) |
| 27:58 | Crear | Villager (Male) |
| 28:32 | Crear | Plumed Archer |
| 28:32 | Crear | Plumed Archer |
| 28:33 | Crear | Plumed Archer |
| 28:43 | Crear | Villager (Male) |
| 28:43 | Crear | Villager (Male) |
| 28:43 | Crear | Villager (Male) |
| 28:55 | Crear | Villager (Male) |
| 29:01 | Construir | Mill |
| 29:01 | Construir | Farm |
Build order — mesa
Primeras 150 de 763 acciones detectadas
| 0:03 | Construir | Town Center |
| 0:14 | Construir | House |
| 2:27 | Crear | Villager (Male) |
| 2:27 | Crear | Villager (Male) |
| 2:27 | Crear | Villager (Male) |
| 2:28 | Crear | Villager (Male) |
| 2:56 | Construir | Mill |
| 3:26 | Crear | Villager (Male) |
| 3:26 | Crear | Villager (Male) |
| 4:08 | Crear | Villager (Male) |
| 4:09 | Crear | Villager (Male) |
| 4:32 | Crear | Villager (Male) |
| 4:32 | Crear | Villager (Male) |
| 4:32 | Crear | Villager (Male) |
| 4:40 | Construir | Lumber Camp |
| 4:47 | Crear | Villager (Male) |
| 5:00 | Investigar | Loom |
| 5:01 | Crear | Villager (Male) |
| 5:13 | Crear | Villager (Male) |
| 5:13 | Crear | Villager (Male) |
| 5:29 | Construir | House |
| 5:50 | Crear | Villager (Male) |
| 6:07 | Crear | Villager (Male) |
| 6:16 | Crear | Villager (Male) |
| 6:46 | Crear | Villager (Male) |
| 6:57 | Crear | Villager (Male) |
| 7:04 | Construir | House |
| 7:17 | Crear | Villager (Male) |
| 7:51 | Crear | Villager (Male) |
| 8:35 | Crear | Villager (Male) |
| 8:42 | Crear | Villager (Male) |
| 8:45 | Construir | House |
| 9:00 | Construir | House |
| 9:04 | Construir | House |
| 9:26 | Crear | Villager (Male) |
| 9:36 | Construir | Mill |
| 9:45 | Construir | Mining Camp |
| 9:55 | Crear | Villager (Male) |
| 10:32 | Investigar | Feudal Age |
| 10:33 | Investigar | Feudal Age |
| 10:33 | Investigar | Feudal Age |
| 10:58 | Construir | Barracks |
| 11:04 | Construir | House |
| 11:35 | Crear | Villager (Male) |
| 12:31 | Crear | Villager (Male) |
| 12:42 | Edad | Edad Feudal |
| 12:45 | Construir | Stable |
| 12:49 | Construir | Palisade Wall |
| 12:54 | Construir | Palisade Wall |
| 12:56 | Construir | Palisade Wall |
| 12:58 | Construir | Palisade Wall |
| 13:01 | Construir | Palisade Wall |
| 13:04 | Construir | Palisade Wall |
| 13:11 | Construir | Palisade Wall |
| 13:14 | Investigar | Double-Bit Axe |
| 13:16 | Investigar | Horse Collar |
| 13:21 | Construir | Blacksmith |
| 13:34 | Crear | Villager (Male) |
| 13:40 | Construir | Mill |
| 13:45 | Crear | Scout Cavalry |
| 14:03 | Crear | Villager (Male) |
| 14:28 | Crear | Villager (Male) |
| 14:29 | Crear | Scout Cavalry |
| 14:46 | Construir | House |
| 14:54 | Crear | Villager (Male) |
| 15:17 | Crear | Villager (Male) |
| 15:45 | Crear | Villager (Male) |
| 15:48 | Construir | Farm |
| 16:08 | Construir | Farm |
| 16:09 | Construir | Farm |
| 16:12 | Construir | Farm |
| 16:14 | Construir | Farm |
| 16:17 | Crear | Villager (Male) |
| 16:57 | Investigar | Castle Age |
| 16:57 | Investigar | Castle Age |
| 16:58 | Investigar | Castle Age |
| 16:58 | Investigar | Castle Age |
| 17:05 | Construir | House |
| 17:25 | Construir | Palisade Wall |
| 17:39 | Crear | Villager (Male) |
| 17:39 | Crear | Villager (Male) |
| 18:14 | Construir | Mining Camp |
| 18:32 | Construir | Palisade Wall |
| 19:19 | Crear | Villager (Male) |
| 19:37 | Edad | Edad de los Castillos |
| 19:42 | Construir | Town Center |
| 19:48 | Investigar | Heavy Plow |
| 19:50 | Investigar | Bow Saw |
| 19:56 | Construir | Town Center |
| 20:01 | Crear | Shrivamsha Rider |
| 20:02 | Crear | Shrivamsha Rider |
| 20:02 | Crear | Shrivamsha Rider |
| 20:06 | Construir | Farm |
| 20:09 | Investigar | Wheelbarrow |
| 20:09 | Investigar | Wheelbarrow |
| 20:23 | Crear | Villager (Male) |
| 20:34 | Construir | Farm |
| 20:42 | Construir | House |
| 20:44 | Construir | Palisade Wall |
| 20:47 | Construir | House |
| 20:48 | Construir | House |
| 20:49 | Crear | Villager (Male) |
| 21:04 | Crear | Villager (Male) |
| 21:22 | Crear | Villager (Male) |
| 21:35 | Crear | Shrivamsha Rider |
| 21:39 | Construir | Farm |
| 21:54 | Crear | Villager (Male) |
| 21:54 | Crear | Villager (Male) |
| 22:01 | Construir | Farm |
| 22:02 | Construir | Farm |
| 22:03 | Construir | Farm |
| 22:04 | Construir | Farm |
| 22:07 | Crear | Villager (Male) |
| 22:07 | Crear | Villager (Male) |
| 22:11 | Construir | Town Center |
| 22:30 | Crear | Villager (Male) |
| 22:32 | Construir | Farm |
| 22:32 | Crear | Villager (Male) |
| 22:33 | Crear | Villager (Male) |
| 22:33 | Crear | Villager (Male) |
| 22:38 | Crear | Villager (Male) |
| 22:39 | Crear | Villager (Male) |
| 22:39 | Crear | Villager (Male) |
| 22:41 | Construir | House |
| 22:42 | Construir | House |
| 22:58 | Crear | Villager (Male) |
| 22:59 | Crear | Villager (Male) |
| 22:59 | Crear | Villager (Male) |
| 23:05 | Construir | Farm |
| 23:07 | Crear | Villager (Male) |
| 23:07 | Crear | Villager (Male) |
| 23:10 | Crear | Villager (Male) |
| 23:28 | Crear | Villager (Male) |
| 23:28 | Crear | Villager (Male) |
| 23:28 | Crear | Villager (Male) |
| 23:29 | Crear | Villager (Male) |
| 23:35 | Crear | Villager (Male) |
| 23:36 | Crear | Villager (Male) |
| 23:36 | Crear | Villager (Male) |
| 23:45 | Construir | Farm |
| 23:45 | Crear | Villager (Male) |
| 23:46 | Crear | Villager (Male) |
| 23:48 | Construir | Farm |
| 23:55 | Construir | Farm |
| 24:06 | Crear | Villager (Male) |
| 24:07 | Crear | Villager (Male) |
| 24:09 | Construir | Farm |
| 24:10 | Crear | Villager (Male) |
| 24:10 | Crear | Villager (Male) |
| 24:15 | Construir | Farm |
Cronología de la partida
| 5:35 | shenxu · wall_segment Palisade Wall x1 |
| 6:26 | ZZZ · wall_segment Palisade Wall x1 |
| 6:35 | ZZZ · wall_segment Palisade Wall x1 |
| 7:36 | Gordito · wall_segment Palisade Wall x13 |
| 8:35 | RoR | AngelinaJolie · wall_segment Palisade Wall x2 |
| 8:36 | Gordito · wall_segment Palisade Wall x13 |
| 8:37 | RoR | AngelinaJolie · wall_segment Palisade Wall x3 |
| 8:38 | RoR | AngelinaJolie · wall_segment Palisade Wall x3 |
| 8:39 | RoR | AngelinaJolie · wall_segment Palisade Wall x3 |
| 8:43 | RoR | AngelinaJolie · wall_segment Palisade Wall x1 |
| 8:45 | RoR | AngelinaJolie · wall_segment Palisade Wall x3 |
| 8:46 | shenxu · first_building Dock |
| 8:52 | shenxu · wall_segment Palisade Wall x5 |
| 9:00 | PraYs · wall_segment Palisade Wall x6 |
| 9:13 | JonSlow · wall_segment Palisade Wall x1 |
| 9:15 | PraYs · wall_segment Palisade Wall x8 |
| 9:30 | JonSlow · wall_segment Palisade Wall x1 |
| 9:30 | RoR | AngelinaJolie · wall_segment Palisade Wall x1 |
| 9:31 | RoR | AngelinaJolie · wall_segment Palisade Wall x1 |
| 9:33 | JonSlow · wall_segment Palisade Wall x1 |
| 9:34 | JonSlow · wall_segment Palisade Wall x1 |
| 9:39 | RoR | AngelinaJolie · wall_segment Palisade Wall x6 |
| 9:40 | JonSlow · wall_segment Palisade Wall x1 |
| 9:40 | RoR | AngelinaJolie · wall_segment Palisade Wall x3 |
| 10:13 | RoR | AngelinaJolie · wall_segment Palisade Wall x5 |
| 10:15 | RoR | AngelinaJolie · wall_segment Palisade Wall x16 |
| 10:30 | PraYs · wall_segment Palisade Wall x8 |
| 10:31 | shenxu · wall_segment Palisade Wall x1 |
| 10:33 | JonSlow · first_building Barracks |
| 10:34 | JonSlow · wall_segment Palisade Wall x1 |
| 10:36 | PraYs · wall_segment Palisade Wall x2 |
| 10:47 | shenxu · wall_segment Palisade Wall x1 |
| 10:53 | IOCQ · first_building Barracks |
| 10:58 | mesa · first_building Barracks |
| 10:58 | PraYs · wall_segment Palisade Wall x1 |
| 10:58 | PraYs · wall_segment Palisade Wall x1 |
| 11:13 | Gordito · wall_segment Palisade Wall x7 |
| 11:15 | Gordito · wall_segment Palisade Wall x10 |
| 11:21 | Gordito · wall_segment Palisade Wall x2 |
| 11:22 | Gordito · wall_segment Palisade Wall x1 |
| 11:23 | PraYs · wall_segment Palisade Wall x1 |
| 11:48 | PraYs · wall_segment Palisade Wall x2 |
| 11:50 | PraYs · wall_segment Palisade Wall x16 |
| 11:57 | JonSlow · wall_segment Palisade Wall x2 |
| 11:58 | Gordito · wall_segment Palisade Wall x22 |
| 12:01 | JonSlow · wall_segment Palisade Wall x6 |
| 12:10 | PraYs · wall_segment Palisade Wall x1 |
| 12:10 | JonSlow · wall_segment Palisade Wall x1 |
| 12:12 | RoR | AngelinaJolie · wall_segment Palisade Wall x3 |
| 12:13 | RoR | AngelinaJolie · wall_segment Palisade Wall x2 |
| 12:14 | JonSlow · age_up feudal |
| 12:19 | JonSlow · first_building Stable |
| 12:41 | JonSlow · wall_segment Palisade Wall x1 |
| 12:42 | IOCQ · age_up feudal |
| 12:42 | mesa · age_up feudal |
| 12:45 | mesa · first_building Stable |
| 12:46 | JonSlow · wall_segment Palisade Wall x8 |
| 12:46 | IOCQ · first_building Archery Range |
| 12:49 | mesa · wall_segment Palisade Wall x1 |
| 12:52 | JonSlow · wall_segment Palisade Wall x6 |
| 12:54 | mesa · wall_segment Palisade Wall x1 |
| 12:56 | mesa · wall_segment Palisade Wall x1 |
| 12:58 | mesa · wall_segment Palisade Wall x1 |
| 13:01 | mesa · wall_segment Palisade Wall x1 |
| 13:04 | mesa · wall_segment Palisade Wall x1 |
| 13:06 | PraYs · wall_segment Palisade Wall x6 |
| 13:11 | mesa · wall_segment Palisade Wall x10 |
| 13:25 | ZZZ · age_up feudal |
| 13:34 | shenxu · age_up feudal |
| 13:48 | RoR | AngelinaJolie · age_up feudal |
| 14:14 | IOCQ · wall_segment Palisade Wall x7 |
| 14:42 | PraYs · age_up feudal |
| 15:15 | Gordito · age_up feudal |
| 15:33 | ZZZ · first_building Barracks |
| 16:10 | Gordito · first_market_buy 100 food |
| 16:11 | Gordito · first_market_sell 100 wood |
| 16:19 | IOCQ · age_up castle |
| 16:29 | ZZZ · first_building Archery Range |
| 16:52 | PraYs · first_market_buy 100 wood |
| 16:57 | ZZZ · age_up castle |
| 17:16 | shenxu · age_up castle |
| 17:25 | mesa · wall_segment Palisade Wall x9 |
| 17:45 | shenxu · wall_segment Palisade Wall x1 |
| 17:51 | shenxu · wall_segment Palisade Wall x1 |
| 17:52 | RoR | AngelinaJolie · age_up castle |
| 17:52 | shenxu · wall_segment Palisade Wall x1 |
| 18:13 | IOCQ · wall_segment Palisade Wall x3 |
| 18:13 | PraYs · age_up castle |
| 18:30 | PraYs · first_building Monastery |
| 18:32 | mesa · wall_segment Palisade Wall x6 |
| 18:50 | shenxu · first_building Barracks |
| 18:54 | Gordito · age_up castle |
| 18:57 | Gordito · first_building Castle |
| 19:37 | mesa · age_up castle |
| 19:57 | RoR | AngelinaJolie · first_market_buy 100 food |
| 19:58 | JonSlow · first_market_buy 100 food |
| 20:44 | mesa · wall_segment Palisade Wall x1 |
| 20:46 | shenxu · wall_segment Palisade Wall x1 |
| 20:49 | shenxu · wall_segment Palisade Wall x1 |
| 21:30 | shenxu · first_market_buy 100 wood |
| 21:35 | ZZZ · first_market_sell 100 wood |
| 21:36 | JonSlow · first_building Siege Workshop |
| 21:36 | ZZZ · first_market_buy 100 food |
| 21:56 | RoR | AngelinaJolie · wall_segment Palisade Wall x1 |
| 23:15 | JonSlow · age_up castle |
| 23:42 | JonSlow · first_market_sell 100 food |
| 23:50 | JonSlow · first_building Castle |
| 23:54 | PraYs · first_building Siege Workshop |
| 24:20 | IOCQ · first_building Stable |
| 24:34 | shenxu · first_building Monastery |
| 25:26 | RoR | AngelinaJolie · first_building Monastery |
| 26:12 | RoR | AngelinaJolie · first_market_sell 100 wood |
| 27:18 | RoR | AngelinaJolie · first_building Barracks |
| 27:19 | mesa · first_building Castle |
| 27:25 | shenxu · first_market_sell 100 food |
| 27:52 | RoR | AngelinaJolie · wall_segment Stone Wall x1 |
| 27:53 | RoR | AngelinaJolie · wall_segment Stone Wall x1 |
| 27:55 | RoR | AngelinaJolie · wall_segment Stone Wall x1 |
| 28:08 | RoR | AngelinaJolie · first_building Castle |
| 28:11 | shenxu · first_building Castle |
| 28:13 | RoR | AngelinaJolie · first_building Archery Range |
| 28:37 | RoR | AngelinaJolie · first_building Siege Workshop |
| 28:57 | shenxu · first_building Siege Workshop |
| 29:06 | RoR | AngelinaJolie · wall_segment Stone Wall x1 |
| 29:12 | PraYs · first_building Castle |
| 29:15 | ZZZ · first_building Monastery |
| 29:45 | IOCQ · first_building Monastery |
| 29:51 | mesa · wall_segment Stone Wall x10 |
| 29:59 | PraYs · first_building Barracks |
| 30:06 | RoR | AngelinaJolie · age_up imperial |
| 30:27 | PraYs · first_market_sell 100 food |
| 30:36 | shenxu · age_up imperial |
| 31:22 | PraYs · first_building Stable |
| 31:54 | mesa · wall_segment Stone Wall x5 |
| 32:24 | IOCQ · first_building Castle |
| 33:39 | PraYs · age_up imperial |
| 34:23 | IOCQ · age_up imperial |
| 34:38 | IOCQ · first_market_sell 500 food |
| 34:50 | JonSlow · wall_segment Palisade Wall x1 |
| 35:15 | PraYs · wall_segment Palisade Wall x1 |
| 35:16 | PraYs · wall_segment Palisade Wall x1 |
| 35:20 | JonSlow · age_up imperial |
| 35:48 | mesa · age_up imperial |
| 36:10 | mesa · first_market_sell 100 food |
| 37:05 | IOCQ · tribute_sent a jugador 1 |
| 37:05 | IOCQ · tribute_sent a jugador 3 |
| 37:05 | IOCQ · tribute_sent a jugador 4 |
| 37:05 | IOCQ · tribute_sent a jugador 5 |
| 37:05 | IOCQ · tribute_sent a jugador 6 |
| 37:05 | IOCQ · tribute_sent a jugador 7 |
| 37:05 | IOCQ · tribute_sent a jugador 8 |
| 37:15 | ZZZ · first_building Castle |
| 37:34 | Gordito · first_building Barracks |
| 38:03 | Gordito · age_up imperial |
| 38:13 | JonSlow · wall_segment Palisade Wall x1 |
| 38:15 | JonSlow · wall_segment Palisade Wall x1 |
| 38:17 | JonSlow · wall_segment Palisade Wall x1 |
| 38:35 | JonSlow · wall_segment Palisade Wall x5 |
| 40:01 | ZZZ · age_up imperial |
| 43:44 | mesa · wall_segment Stone Wall x1 |
| 43:49 | mesa · wall_segment Stone Wall x1 |
| 43:51 | mesa · wall_segment Stone Wall x1 |
| 43:52 | mesa · wall_segment Stone Wall x1 |
| 43:55 | mesa · wall_segment Stone Wall x1 |
| 44:04 | shenxu · first_building Stable |
| 44:47 | shenxu · wall_segment Stone Wall x1 |
| 44:48 | shenxu · wall_segment Stone Wall x1 |
| 49:13 | JonSlow · tribute_sent a jugador 2 |
| 49:13 | JonSlow · tribute_sent a jugador 3 |
| 49:13 | JonSlow · tribute_sent a jugador 4 |
| 49:13 | JonSlow · tribute_sent a jugador 5 |
| 49:13 | JonSlow · tribute_sent a jugador 6 |
| 49:13 | JonSlow · tribute_sent a jugador 7 |
| 49:13 | JonSlow · tribute_sent a jugador 8 |
| 49:29 | RoR | AngelinaJolie · wall_segment Stone Wall x1 |
| 49:31 | RoR | AngelinaJolie · wall_segment Stone Wall x1 |
| 49:32 | RoR | AngelinaJolie · wall_segment Stone Wall x1 |
| 50:13 | shenxu · resign |
[ ANÁLISIS IA · 1 CRÉDITO ]
¿Qué pasó realmente en esta partida?
Wolo.gg analiza cada decisión: build order, eco, micro, errores típicos por bracket. Análisis personalizado por WhatsApp o Discord en 30 segundos.
Guía civ
Cumanos
Perfil
Jugador #208269